 Dungeon Crawl Stone Soup version 0.21-a0-200-gb89f83b (webtiles) character file.

31 Alarkh the Grave Robber (level 3, 18/24 HPs)
             Began as a Demonspawn Necromancer on Aug 16, 2017.
             Got out of the dungeon alive.
             The game lasted 00:01:41 (1358 turns).

Alarkh the Grave Robber (Demonspawn Necromancer)    Turns: 1358, Time: 00:01:41

Health: 18/24      AC:  2    Str:  8    XL:     3   Next: 7%
Magic:  5/7        EV: 14    Int: 17    God:
Gold:   64         SH:  0    Dex: 13    Spells: 6/7 levels left

rFire    . . .     SeeInvis .   f - +0 dagger
rCold    . . .     Gourm    .   (no shield)
rNeg     . . .     Faith    .   a - +0 robe
rPois    .         Spirit   .   (no helmet)
rElec    .         Reflect  .   (no cloak)
rCorr    .         Harm     .   (no gloves)
MR       .....                  (no boots)
Stlth    ++........             (no amulet)
HPRegen  0.08/turn              (no ring)
MPRegen  0.10/turn              (no ring)

@: no status effects
A: repulsion field 1, demonic guardian 1
a: no special abilities


You escaped.
You were hungry.

You visited 1 branch of the dungeon, and saw 2 of its levels.

You collected 64 gold pieces.

Inventory:

Hand Weapons
 f - a +0 dagger (weapon)
Armour
 a - a +0 robe (worn)
Scrolls
 j - a scroll of magic mapping {unknown}
 k - a scroll of remove curse {unknown}
 l - a scroll of immolation {unknown}
 m - a scroll of enchant armour {unknown}
Potions
 d - a potion of flight {unknown}
 e - a potion of curing {unknown}
 g - 2 potions of ambrosia {unknown}
 i - a potion of might {unknown}
Books
 b - a book of Necromancy

   Spells                             Type                      Level
   a - Pain                           Necromancy                   1
   b - Animate Skeleton               Necromancy                   1
   c - Vampiric Draining              Necromancy                   3
   d - Regeneration                   Charms/Necromancy            3
   e - Animate Dead                   Necromancy                   4
   f - Control Undead                 Necromancy                   4
Comestibles
 c - a bread ration
 h - 2 meat rations


   Skills:
 - Level 1.7 Dodging
 - Level 1.7 Stealth
 + Level 2.6 Spellcasting
 + Level 5.0 Necromancy


You had 6 spell levels left.
You knew the following spells:

 Your Spells              Type           Power        Failure   Level  Hunger
a - Pain                  Necr           ###.         2%          1    #......


Dungeon Overview and Level Annotations

Branches:
Dungeon (2/15)

Altars:


Innate Abilities, Weirdness & Mutations

You are surrounded by a mild repulsion field. (EV +2)
A weak demonic guardian rushes to your aid.


Message History

Press: ? - help, Shift-Dir - straight line, f/p - giant cockroach
Aim: a giant cockroach (severely wounded, clinging, chance to defeat MR: 89%)
You miscast Pain.
You are very lightly contaminated with residual magic.
Nothing appears to happen.
The giant cockroach closely misses you.
You hit the giant cockroach.
You kill the giant cockroach!
Casting: Pain
Confirm with . or Enter, or press ? or * to list all spells.
You don't have enough magic to cast that spell.
There is a stone staircase leading up here.
You climb upwards.
There is a stone staircase leading down here.
Your magical contamination has completely faded away.
There is an open door here.
There is a fountain of clear blue water here.
There is an open door here.
There is a staircase leading out of the dungeon here.
Are you sure you want to leave the Dungeon?
This will make you lose the game!
You have escaped!

...>.........#######.............
#...##...###.#.....#.............
#............#.8.8.##...#.##.###.
#...##########..8...###.#.##.# #.
....# #(8.8...##......# #. #####
#........###.#### #.
#.###.⌠.⌠.##.######.
#.#.#.....##.#......
#.'@#..8..'..#.#####
#.#.#.....#.##.#....
#.###.⌠.⌠.#....#(###
#........####..#...#
#.8.8...###......... #..8...##
#......... #.8.8.## #.........
############.....# #.........
#.........######## #.........


There were no monsters in sight!

Vanquished Creatures
  A dart slug (D:1)
  4 giant cockroaches
  A goblin (D:2)
  6 hobgoblins
  3 jackals (D:1)
  3 kobolds (D:1)
  2 bats (D:1)
  2 frilled lizards
  2 rats
24 creatures vanquished.

Notes
Turn   | Place    | Note
-------+----------+-------------------------------------------
     0 | D:1      | Alarkh the Demonspawn Necromancer began the quest for the Orb.
     0 | D:1      | Reached XP level 1. HP: 13/13 MP: 3/3
   163 | D:1      | Gained mutation: You are surrounded by a mild repulsion field. (EV +2) [demonic ancestry]
   163 | D:1      | Reached XP level 2. HP: 13/19 MP: 0/5
  1117 | D:2      | Reached skill level 5 in Necromancy
  1281 | D:2      | Gained mutation: A weak demonic guardian rushes to your aid. [demonic ancestry]
  1281 | D:2      | Reached XP level 3. HP: 21/24 MP: 1/7
  1358 | D:$      | Got out of the dungeon alive.

Vault maps used:
D:1:      ncdulo_halloftheorcs
D:2:      serial_glass, glass_columns_a, glass_columns_b,
          minmay_strange_pillars, due_unseen_surprise, feat_on_display,
          minmay_strange_pillars, uniq_jessica

Skill      XL: |  1  2 |
---------------+-------+-----
Necromancy     | 5 |  5.0
Dodging        | |  1.7
Stealth        | |  1.7
Spellcasting   | |  2.6

Action                   || total
-------------------------++-------
Melee: Dagger            ||    20
 Cast: Pain              ||    47
  Eat: Chunk             ||     1
Armor: Robe              ||     7
Dodge: Dodged            ||    37
